 Dungeon Crawl Stone Soup version 0.29.1-15-g9cfb28693d (webtiles) character file.

Game seed: 12155710802485205155

98 Heoruswealwe the Conjurer (level 4, 0/24 HPs)
             Began as a Deep Elf Conjurer on Mar 8, 2023.
             Slain by a hobgoblin (6 damage)
             ... led by Robin
             ... on level 3 of the Dungeon.
             The game lasted 00:22:34 (1545 turns).

Heoruswealwe the Conjurer (Deep Elf Conjurer)       Turns: 1545, Time: 00:22:35

Health: 0/24       AC:  3    Str:  4    XL:     4   Next: 43%
Magic:  5/13       EV: 12    Int: 25    God:
Gold:   204        SH:  0    Dex: 13    Spells: 10/13 levels left

rFire   . . .      SeeInvis .   g - +2 short sword (venom)
rCold   . . .      Faith    .   (no shield)
rNeg    . . .      Spirit   .   a - +0 robe
rPois   .          Reflect  .   (no helmet)
rElec   .          Harm     .   (no cloak)
rCorr   .          Rampage  .   (no gloves)
Will    .....                   m - +0 pair of boots
Stlth   ++........              (no amulet)
HPRegen 0.08/turn               (no ring)
MPRegen 0.13/turn               (no ring)

@: no status effects
A: no striking features
a: no special abilities


You were on level 3 of the Dungeon.
You visited 1 branch of the dungeon, and saw 3 of its levels.

You collected 204 gold pieces.

Inventory:

Hand Weapons
 g - a +2 short sword of venom (weapon)
Missiles
 o - a throwing net
Armour
 a - a +0 robe (worn)
 m - a +0 pair of boots (worn)
Scrolls
 d - a scroll of identify {unknown}
 h - a scroll of fog {unknown}
 j - a scroll of poison {unknown}
 k - a scroll of enchant armour {unknown}
 l - a scroll of immolation {unknown}
Potions
 b - a potion of magic
 c - a potion of flight {unknown}
 e - a potion of lignification {unknown}
 f - 2 potions of curing {unknown}
 i - a potion of resistance {unknown}
 n - 3 potions of attraction {unknown}
 p - a potion of degeneration {unknown}


   Skills:
 - Level 2.4 Dodging
 - Level 2.4 Stealth
 + Level 5.0 Spellcasting
 + Level 5.5 Conjurations


You had 10 spell levels left.
You knew the following spells:

 Your Spells              Type           Power      Damage    Failure   Level
a - Magic Dart            Conj           100%       1d8       1%          1
b - Searing Ray           Conj           68%        2d6       1%          2

Your spell library contained the following spells:

 Spells                   Type           Power      Damage    Failure   Level
 Dazzling Flash           Conj/Hex       40%        N/A       8%          3
 Slow                     Hex            24%        N/A       9%          1
 Sting                    Tmut/Pois      24%        1d4       9%          1
 Poisonous Vapours        Pois/Air       12%        N/A       12%         2
 Confusing Touch          Hex            6%         N/A       24%         3
 Gell's Gravitas          Tloc           6%         N/A       24%         3
 Teleport Other           Tloc           6%         N/A       24%         3
 Vampiric Draining        Necr           6%         2d6       24%         3
 Fulminant Prism          Conj/Hex       10%        3d9       26%         4
 Iskenderun's Mystic Bla  Conj/Tloc      20%        2d6       26%         4
 Olgreb's Toxic Radiance  Pois           6%         N/A       63%         4
 Dispersal                Tloc           3%         N/A       100%        6


Dungeon Overview and Level Annotations

Branches:
Dungeon (3/15)

Altars:
Uskayaw
Xom


Message History

The hobgoblin barely misses you.
A goblin comes into view. It is wielding a +0 club.
The searing ray misses the goblin.
The searing ray hits Robin!
Robin is severely wounded.
A hobgoblin comes into view.
The hobgoblin hits you. The goblin hits you with a +0 club.
Casting: Searing Ray (safe; 1% risk of failure)
Confirm with . or Enter, or press ? or * to list all spells.
Restarting spell: Searing Ray (safe; 1% risk of failure)
Press: ? - help, Shift-Dir - straight line, f - goblin, p - Robin
Aim: a goblin, wielding a +0 dagger (strong, 76% to hit)
The searing ray hits the goblin!
You kill the goblin!
The searing ray hits the hobgoblin.
You kill the hobgoblin!
The searing ray misses Robin.
The searing ray hits the goblin!
You kill the goblin! (Press . to maintain the ray.)
The hobgoblin shouts!
Robin throws the goblin at you! The goblin closely misses you.
The hobgoblin barely misses you.
The searing ray hits the hobgoblin!
You kill the hobgoblin!
The searing ray hits Robin.
Robin is almost dead.
The goblin barely misses you. The hobgoblin barely misses you.
The searing ray hits Robin.
You kill Robin!
The searing ray hits the goblin.
You kill the goblin!
The hobgoblin hits you. The kobold hits you with a +0 dagger.
The goblin barely misses you.
You feel your strength returning.
Your Spellcasting skill increases to level 5!
The kobold hits you but does no damage. The goblin hits you with a +0 dagger.
The goblin hits you with a +0 dagger.
* * * LOW HITPOINT WARNING * * *
The kobold hits you but does no damage. The hobgoblin attacks as you move away!
The hobgoblin hits you.
You die...

.## ... ...## ..[
.....### .... ###
.....###..... #..
<<....#..... #..
###...^.....## ###..
#...K#....#..# #....
#..@g.gg)).#..##.#..
####...g##)............
##.......#
#...##....#..
#..#######
#.#.###.....# #.##
##........##.. #.#
#...###....###
#.#########..## ####..#
###.#.........## ##.##
##...#.######.## ##.##


You could see 3 hobgoblins, a goblin (strong) and a kobold.

Vanquished Creatures
  Robin (D:3)
  An adder (D:2)
  A dart slug (D:3)
  An orc (D:3)
  6 endoplasms
  2 giant cockroaches
  9 hobgoblins
  8 jackals
  11 kobolds
  8 ball pythons
  3 bats (D:1)
  3 frilled lizards (D:1)
  9 goblins
  4 rats
67 creatures vanquished.

Notes
Turn   | Place    | Note
-------+----------+-------------------------------------------
     0 | D:1      | Heoruswealwe the Deep Elf Conjurer began the quest for the
                  | Orb.
     0 | D:1      | Reached XP level 1. HP: 10/10 MP: 6/6
    85 | D:1      | Reached XP level 2. HP: 15/15 MP: 2/8
   194 | D:1      | Learned a level 2 spell: Searing Ray
   407 | D:1      | Reached skill level 5 in Conjurations
   407 | D:1      | Reached XP level 3. HP: 19/19 MP: 8/10
   416 | D:1      | Found a faded altar of an unknown god.
   474 | D:1      | Prayed at the altar of an unknown god.
   474 | D:1      | Became a worshipper of Uskayaw the Reveller
   474 | D:1      | Reached * piety under Uskayaw
   476 | D:1      | Fell from the grace of Uskayaw
   820 | D:2      | You fall into a shaft and drop 1 floor!
   900 | D:3      | Found a faded altar of an unknown god.
   904 | D:3      | Found a hide-covered altar of Uskayaw.
   912 | D:3      | Prayed at the altar of an unknown god.
   912 | D:3      | Became a worshipper of Xom of Chaos
   917 | D:3      | Fell from the grace of Xom
  1117 | D:2      | XOM: god gift: pair of boots {god gift}
  1174 | D:2      | Reached XP level 4. HP: 24/24 MP: 1/12
  1351 | D:1      | XOM: stat loss: -1 Str (3/4)
  1536 | D:3      | Noticed Robin
  1542 | D:3      | Killed Robin
  1543 | D:3      | Reached skill level 5 in Spellcasting
  1545 | D:3      | Slain by a hobgoblin

Illustrated notes

Levels and vault maps discovered:
D:1:      dpeg_arrival_orchard, layout_rooms,
          ebering_ecumenical_altar_abandoned, minmay_split_cup_large
D:2:      layout_rooms
D:3:      layout_rooms, nicolae_overflow_ecumenical_swirl, kennysheep_path_1,
          uniq_robin

Skill      XL: |  1  2  3  4 |
---------------+-------------+-----
Spellcasting   | 4 5 |  5.0
Conjurations   | 5 |  5.5
Dodging        | |  2.4
Stealth        | |  2.4

Action                   |  1- 3 |  4- 6 || total
-------------------------+-------+-------++-------
Melee: Dagger            |     8 |       ||     8
       Short sword       |     1 |     9 ||    10
 Cast: Magic Dart        |    84 |     6 ||    90
       Searing Ray       |       |     2 ||     2
Invok: Renounce Religion |     2 |       ||     2
Armor: Robe              |     2 |     6 ||     8
Dodge: Dodged            |     4 |     8 ||    12
